 Dungeon Crawl Stone Soup version 0.29.0-13-gc9e81de378 (webtiles) character file.

Game seed: 12982633607297610931

901 nshep25 the Gusty (level 7, 0/52 HPs)
             Began as a Red Draconian Air Elementalist on Sept 8, 2022.
             Killed by an exploding orc wizard (12 damage)
             ... ignited by their inner flame
             ... on level 6 of the Dungeon on Sept 9, 2022.
             The game lasted 00:35:07 (5299 turns).

nshep25 the Gusty (Red Draconian Air Elementalist)  Turns: 5299, Time: 00:35:08

Health: 0/52       AC: 10    Str: 11    XL:     7   Next: 80%
Magic:  4/13       EV: 12    Int: 17    God:
Gold:   126        SH:  0    Dex: 11    Spells: 5/15 levels left

rFire   + . .      SeeInvis +   n - +2 mace (protect)
rCold   . . .      Faith    .   (no shield)
rNeg    + . .      Spirit   .   (body armour unavailable)
rPois   .          Reflect  .   (helmet restricted)
rElec   .          Harm     .   (no cloak)
rCorr   .          Rampage  .   (no gloves)
Will    .....                   (no boots)
Stlth   ++........              (no amulet)
HPRegen 0.17/turn               i - ring of Kekhetih {rN+ AC+4}
MPRegen 0.13/turn               o - ring of see invisible

@: short of breath
A: breathe fire, AC +6, unfitting armour, fire resistance 1, cold-blooded
a: Breathe Fire


You were on level 6 of the Dungeon.
You visited 2 branches of the dungeon, and saw 7 of its levels.

You collected 163 gold pieces.
You spent 37 gold pieces at shops.

Inventory:

Hand Weapons
 d - a +0 war axe
 n - a +2 mace of protection (weapon)
 r - a +1 vorpal morningstar
Missiles
 j - 11 javelins
 y - 6 poisoned darts
Jewellery
 i - the ring of Kekhetih (left hand) {rN+ AC+4}
   (You found it on level 2 of the Dungeon)

   [ring of protection]

   AC:        It affects your AC (+4).
   rN:        It protects you from negative energy.
 o - a ring of see invisible (right hand)
 w - a ring of ice
Wands
 v - a wand of iceblast (10) (quivered)
 B - a wand of paralysis (9)
Scrolls
 e - a scroll of enchant armour {unknown}
 g - a scroll of amnesia
 l - a scroll of magic mapping
 m - a scroll of blinking
 p - a scroll of fear {unknown}
 s - a scroll of poison
 t - 2 scrolls of teleportation {unknown}
Potions
 a - a potion of magic
 b - 2 potions of attraction {unknown}
 f - 3 potions of heal wounds {unknown}
 h - 2 potions of might
 k - 2 potions of resistance {unknown}
 u - a potion of lignification {unknown}
 x - a potion of haste
 z - a potion of mutation {unknown}
 A - a potion of invisibility {unknown}


   Skills:
 + Level 1.6 Fighting
 - Level 1.1(2.1) Axes
 + Level 2.8(2.9) Maces & Flails
 + Level 2.5 Dodging
 + Level 2.6 Stealth
 + Level 4.5 Spellcasting
 + Level 3.4 Conjurations
 + Level 5.5 Air Magic


You had 5 spell levels left.
You knew the following spells:

 Your Spells              Type           Power      Damage    Failure   Level
a - Shock                 Conj/Air       76%        1d7       2%          1
b - Static Discharge      Conj/Air       19%        3-6/arc   3%          2
c - Swiftness             Air            22%        N/A       4%          3
d - Airstrike             Air            11%        2d(2-18)  16%         4

Your spell library contained the following spells:

 Spells                   Type           Power      Damage    Failure   Level
 Ozocubu's Armour         Ice            3%         N/A       41%         3
 Metabolic Englaciation   Hex/Ice        1%         N/A       99%         5
 Simulacrum               Ice/Necr       1%         N/A       100%        6


Dungeon Overview and Level Annotations

Branches:
Dungeon (6/15)             Temple (1/1) D:5

Altars:
Ashenzari
Cheibriados
Dithmenos
Elyvilon
Gozag
Hepliaklqana
Makhleb
Nemelex Xobeh
Okawaru
Ru
Sif Muna
Trog
Uskayaw
Vehumet
Xom
Zin
The Shining One

Shops:
D:1 *   D:5 *


Innate Abilities, Weirdness & Mutations

You can breathe blasts of fire.
Your fiery red scales are hard. (AC +6)
You cannot fit into any form of body armour.
Your flesh is heat resistant. (rF+)
You are cold-blooded and may be slowed by cold attacks.


Message History

* * * LOW HITPOINT WARNING * * *
You tail-slap the jelly.
You kill the jelly!
You start resting.
An orc wizard is nearby!
Found a sling.
You no longer feel sluggish.
The orc wizard points at you and mumbles some strange words.
The puff of flame hits you but does no damage.
The orc shouts!
You are no longer corroded.
The orc wizard attacks as you move away!
The orc wizard hits you but does no damage.
The orc wizard casts a spell.
The orc wizard flickers and vanishes for a moment.
Aiming: Breathe Fire (5% risk of failure)
Press: ? - help, Shift-Dir - straight line, f - orc
Aim: an orc, wielding a +0 whip (68% to hit)
You breathe a blast of fire.
The fiery breath hits the orc wizard.
The orc wizard is moderately wounded.
The fiery breath hits the orc!
You kill the orc!
As you read the scroll of immolation, it crumbles to dust.
The creatures around you are filled with an inner flame!
The orc wizard hits you but does no damage.
You closely miss the orc wizard.
The orc wizard is moderately wounded.
The orc wizard hits you but does no damage.
Casting: Shock (safe; 2% risk of failure)
Confirm with . or Enter, or press ? or * to list all spells.
Aiming: Shock (safe; 2% risk of failure)
Press: ? - help, Shift-Dir - straight line The zap hits the orc wizard but does no damage.
The orc wizard is moderately wounded.
The zap hits the orc wizard.
Flame seeps out of the orc wizard.
The orc wizard is heavily wounded.
The orc wizard is engulfed in blazing flames.
The orc wizard explodes!
The fiery explosion engulfs you! You resist.
You die...

... #..........# ..##
...###..........###.....
.....##.........#.......
.......°................
.#.....)##..............
........##.#.#..........
........§#.###.......!..
...)..§○#..# #..........
.......@##.# ###...##.#
...^.......###.#...#
..................##
............#.##.###
............####$.#..
...............#.......#
#..#.................$..#
.###.#.................##.#
?....#..........#..##....##


There were no monsters in sight!

Vanquished Creatures
  A steam dragon (D:4)
  Edmund (D:4)
  A necrophage (D:4)
  2 scorpions (D:4)
  3 hounds
  A jelly (D:6)
  2 orc priests
  Ijyb (D:3)
  4 iguanas
  3 orc wizards
  A gnoll (D:6)
  4 adders
  2 worms
  3 dart slugs
  11 orcs
  8 ball pythons
  4 bats
  8 endoplasms
  4 giant cockroaches
  5 goblins
  6 hobgoblins
  2 jackals (D:4)
  A frilled lizard (D:1)
  8 kobolds
  2 rats
  A spectral kobold (D:3)
89 creatures vanquished.

Vanquished Creatures (others)
  13 fungi (D:4)
13 creatures vanquished.

Grand Total: 102 creatures vanquished

Notes
Turn   | Place    | Note
-------+----------+-------------------------------------------
     0 | D:1      | nshep25 the Draconian Air Elementalist began the quest for
                  | the Orb.
     0 | D:1      | Reached XP level 1. HP: 14/14 MP: 3/3
   261 | D:1      | Found a faded altar of an unknown god.
   273 | D:1      | Reached XP level 2. HP: 20/20 MP: 0/5
   752 | D:1      | Found Ugarr's Assorted Antiques.
   764 | D:1      | Bought 2 metallic dark potions for 37 gold pieces
  1222 | D:2      | Identified the ring of Kekhetih {rN+ AC+4}
  1412 | D:2      | Reached XP level 3. HP: 26/26 MP: 0/6
  1415 | D:2      | Learned a level 2 spell: Static Discharge
  2497 | D:3      | Reached skill level 1 in Axes
  2497 | D:3      | Reached skill level 4 in Air Magic
  2497 | D:3      | Reached XP level 4. HP: 33/33 MP: 2/8
  2546 | D:3      | Found a radiant altar of Vehumet.
  2611 | D:3      | Noticed Ijyb
  2631 | D:3      | You fall into a shaft and drop 1 floor!
  2676 | D:4      | Noticed a scorpion
  2683 | D:4      | Killed a scorpion
  2684 | D:4      | Reached skill level 1 in Maces & Flails
  2684 | D:4      | Reached XP level 5. HP: 25/39 MP: 0/9
  2943 | D:4      | Noticed a steam dragon
  2955 | D:4      | Killed a steam dragon
  2956 | D:4      | Reached skill level 1 in Fighting
  2956 | D:4      | Reached XP level 6. HP: 40/47 MP: 7/10
  3230 | D:4      | Your scales start taking on a fiery red colour.
  3230 | D:4      | Reached XP level 7. HP: 24/52 MP: 0/12
  3230 | D:4      | Gained mutation: Your flesh is heat resistant. (rF+) [Red
                  | Draconian growth]
  3554 | D:3      | Found a hide-covered altar of Uskayaw.
  3636 | D:3      | Killed Ijyb
  3859 | D:3      | Found a hazy altar of Hepliaklqana.
  3873 | D:3      | Learned a level 3 spell: Swiftness
  3878 | D:3      | Learned a level 4 spell: Airstrike
  4704 | D:4      | Noticed Edmund
  4709 | D:4      | Killed Edmund
  4710 | D:4      | Reached skill level 5 in Air Magic
  4893 | D:5      | Entered Level 5 of the Dungeon
  4905 | D:5      | Found a staircase to the Ecumenical Temple.
  4911 | Temple   | Entered the Ecumenical Temple
  4911 | Temple   | Found a transporter.
  4911 | Temple   | Found a transporter.
  4913 | Temple   | Found a transporter.
  4913 | Temple   | Found a transporter.
  5026 | D:5      | Found an opulent altar of Gozag.
  5077 | D:5      | Found Mauvuakh's Assorted Antiques.
  5091 | D:5      | Noticed a yak
  5299 | D:6      | Killed by an exploding orc wizard... ignited by their inner
                  | flame

Illustrated notes

Levels and vault maps discovered:
D:1:      dpeg_arrival_tiny_g, layout_basic, ebering_ecumenical_altar_rust,
          serial_shops, nicolae_shop_competitors_out_of_business
D:2:      layout_loops_ring
D:3:      minmay_spotlight, layout_basic,
          nicolae_hepliaklqana_monster_ancestors, lemuel_crystal_altar,
          nicolae_vehumet_radiance, uniq_ijyb
D:4:      layout_cave_pods, dreamdust_mushroom_princess, minmay_cut_off,
          uniq_edmund
D:5:      kennysheep_big_flooded_room, layout_basic,
          mainiacjoe_overflow_cross_hatched, nicolae_qazlal_general_emergency,
          temple_statues, nicolae_ossuary_entry_ruins, serial_shops,
          nicolae_shop_waterfront
D:6:      layout_cave_pools, st_stairs_2
Temple:   hellmonk_temple_divided_pantheon

Skill      XL: |  1  2  3  4  5  6  7 |
---------------+----------------------+-----
Stealth        | 2 |  2.6
Dodging        | 2 |  2.5
Axes           | 1 |  1.1
Air Magic      | 4 5 |  5.5
Maces & Flails | 1 2 |  2.8
Spellcasting   | 3 4 |  4.5
Conjurations   | 2 3 |  3.4
Fighting       | 1 |  1.6

Action                   |  1- 3 |  4- 6 |  7- 9 || total
-------------------------+-------+-------+-------++-------
Melee: Unarmed           |     4 |       |       ||     4
       War axe           |    32 |       |       ||    32
       Mace              |     4 |    33 |     9 ||    46
       Tailslap          |     3 |     7 |     2 ||    12
 Cast: Shock             |    67 |    54 |    60 ||   181
       Static Discharge  |     3 |     5 |     4 ||    12
       Airstrike         |       |       |     5 ||     5
       Swiftness         |       |       |     1 ||     1
 Abil: Breathe Fire      |       |       |     3 ||     3
  Use: Scroll            |       |       |     6 ||     6
 Stab: Sleeping          |     1 |       |       ||     1
Armor: Skin              |    12 |    28 |    15 ||    55
Dodge: Dodged            |    25 |    23 |    26 ||    74
